[Event "*** SCC Grand Prix: Titled Tuesday Blitz"]
[Site "Chess.com"]
[Date "2020.07.21"]
[Round "1"]
[White "Nayemhaque22"]
[Black "GjakanTati"]
[Result "1-0"]
[WhiteElo "2186"]
[BlackElo "2542"]
[TimeControl "180+1"]
[EndTime "10:08:25 PDT"]
[Termination "Nayemhaque22 won by checkmate"]

1. e4 d6 2. d4 Nf6 3. Nc3 e5 4. dxe5 dxe5 5. Qxd8+ Kxd8 6. Bc4 Be6 7. Bxe6 fxe6 8.
Nge2 Bd6 9. f3 a6 10. Be3 Nbd7 11. O-O-O Ke7 12. Kb1 b5 13. Nc1 Rhb8 14. Nb3 a5 15. a4 bxa4 16. Nxa4 Rb4 17. Nbc5 Rab8 18. Nxd7 Nxd7 19.
Nc3 Rxb2+ 20. Kc1 R2b4 21. Kd2 Rc4 22. Kd3 Rc6 23. Rb1 Bb4 24. Ne2 Rd8 25. c3 Nb6+ 26. Kc2 Nc4 27. Bg5+ Ke8 28. Bxd8 Na3+ 29. Kb3 Nxb1 30.
Rxb1 Kxd8 31. cxb4 axb4 32. Rd1+ Ke7 33. Rd2 Rb6 34.
Nc1 c5 35. Nd3 Rd6 36. Kc4 Rd4+ 37. Kxc5 b3 38. Rd1 Ra4 39. Nb2 Ra2 40. Rb1 Kf6 41. Kb4 Ra7 42. Kxb3 g5 43. Nd3 h5 44. Kc2 h4 45. Kd2 Ra2+ 46. Rb2 Ra1 47. Nf2 Rg1 48. Ng4+ Ke7 49. Ke3 Re1+ 50. Kf2 Rc1 51. Nxe5 Kf6 52. Ng4+ Kg6 53. Ne3 Kf6 54. g3 hxg3+ 55. hxg3 Ra1 56.
f4 gxf4 57. gxf4 Ke7 58. Kf3 Kf6 59. Rb6 Ke7 60. Rb7+ Ke8 61. Ng4 Ra5 62. Nf6+ Kf8 63. Nd7+ Ke8 64. Ne5 Rc5 65. Kg4 Ra5 66. Kg5 Ra4 67. Nd7 Rc4 68. Nf6+ Kf8 69. Kg6 Rc8 70. Rf7# 1-0

[Event "*** SCC Grand Prix: Titled Tuesday Blitz"]
[Site "Chess.com"]
[Date "2020.07.21"]
[Round "1"]
[White "Speshka"]
[Black "Nf3c5"]
[Result "0-1"]
[WhiteElo "2234"]
[BlackElo "2587"]
[TimeControl "180+1"]
[EndTime "10:08:26 PDT"]
[Termination "Nf3c5 won on time"]

1. e4 c5 2. Nf3 d6 3. d4 cxd4 4. Nxd4 Nf6 5. Nc3 a6 6. Qd3 g6 7.
Bg5 Bg7 8. O-O-O O-O 9. h4 Nc6 10. Nxc6 bxc6 11. e5 Ng4 12. exd6 Qxd6 13. Qxd6 exd6 14.
Rxd6 Nxf2 15. Rg1 Be5 16. Rd2 Bh2 17. Rxf2 Bxg1 18. Rd2 Be6 19. Ne4 Bb6 20. b3 f5 21.
Nd6 Bd8 22. Bh6 Bxh4 23. Bxf8 Bg5 24. Be7 Bxe7 25. Kb2 Bg5 26. Re2 Bf6+ 27. c3 Bd5 28. Rd2 Rd8 29. Nc4 Kf7 30. Na5 Bg5 31. Rd1 Re8 32. c4 Bf6+ 33. Ka3 Be4 34. Nb7 Be7+ 35. Nd6+ Ke6 36. c5 Bxd6 37. cxd6 Rd8 38. d7 Rxd7 39.
Rxd7 Kxd7 40. Kb4 Kd6 41. Ka5 Bb1 42. Kxa6 Bxa2 43. b4 Bd5 44. b5 cxb5 45. Kxb5 Ke5 46. Kc5 Be4 47. Kc4 Kf4 48. Kc3 Kg3 49. Kd2 Bxg2 50.
Bc4 g5 51. Be6 f4 0-1

[Event "*** SCC Grand Prix: Titled Tuesday Blitz"]
[Site "Chess.com"]
[Date "2020.07.21"]
[Round "1"]
[White "GGfrances"]
[Black "EvgenyT"]
[Result "0-1"]
[WhiteElo "2444"]
[BlackElo "2920"]
[TimeControl "180+1"]
[EndTime "10:08:29 PDT"]
[Termination "EvgenyT won by resignation"]

1. e4 e5 2. Nf3 Nc6 3. Bc4 Bc5 4. b4 Bxb4 5. c3 Be7 6. d4 Na5 7. Nxe5 Nxc4 8. Nxc4 d5 9. exd5 Qxd5 10. Ne3 Qd8 11. Ba3 Nf6 12. Bxe7 Qxe7 13. O-O O-O 14. Nd2 Be6 15. c4 c6 16. Nf3 Rad8 17. Rb1 b6 18.
Re1 Qc7 19. a4 Ng4 20. Qb3 Nxe3 21. fxe3 Rfe8 22. e4 Bg4 23. d5 cxd5 24. cxd5 Qf4 25.
Qe3 Qxe3+ 26. Rxe3 Rxd5 27. exd5 Rxe3 28. a5 Bxf3 29.
gxf3 Rxf3 30. axb6 axb6 31. Rxb6 g6 32. Kg2 Rd3 33.
Rb8+ Kg7 34. Rd8 Kf6 35. d6 h5 36. Kf2 Rd5 37. Kg3 Ke6 38. h4 Rxd6 39. Re8+ Kf5 40. Ra8 Rd3+ 41. Kg2 Re3 42. Ra5+ Re5 43. Ra7 f6 44. Rf7 Re6 45. Kf3 Ra6 46. Rf8 Ra3+ 47. Kg2 Re3 48. Kf2 Re5 49. Kf3 Ke6 50. Re8+ Kf7 51.
Ra8 Rb5 52. Ra7+ Ke6 53. Ra6+ Kf5 54. Ra8 Rb3+ 55. Kg2 g5 56. Ra5+ Kg4 57. Ra4+ Kf5 58. Ra5+ Kg6 59. hxg5 f5 60. Ra8 Kxg5 61. Rg8+ Kf4 62. Rg7 h4 63. Rg8 Rg3+ 64. Rxg3 hxg3 65. Kg1 Kf3 66. Kf1 f4 67. Kg1 Kg4 68. Kg2 f3+ 69.
Kg1 Kf4 70. Kf1 Ke3 0-1

[Event "*** SCC Grand Prix: Titled Tuesday Blitz"]
[Site "Chess.com"]
[Date "2020.07.21"]
[Round "1"]
[White "ChelsieMonica"]
[Black "N00bM3ster"]
[Result "1-0"]
[WhiteElo "2406"]
[BlackElo "2758"]
[TimeControl "180+1"]
[EndTime "10:08:30 PDT"]
[Termination "ChelsieMonica won by resignation"]

1. c4 e5 2. Nc3 Nf6 3. g3 d5 4. cxd5 Nxd5 5. Bg2 Be6 6. Nf3 Nc6 7. O-O f6 8. d3 Bc5 9. Na4 Bb6 10. Nxb6 axb6 11. a3 b5 12. Qd2 b4 13. a4 Qd7 14. Re1 O-O 15. Qc2 Na5 16. Nd2 Nb6 17.
b3 Bd5 18. Bb2 Bxg2 19. Kxg2 Nd5 20. Rac1 b6 21. Nc4 Nxc4 22. Qxc4 Qf7 23. e4 Ne7 24.
Qxb4 Ng6 25. Rc6 Qd7 26. Qc4+ Rf7 27. Rc1 Rc8 28. Rxb6 Qg4 29. Rc6 Nf4+ 30. Kf1 Qe2+ 31.
Kg1 Nh3+ 32. Kg2 Qxf2+ 33. Kxh3 Qxb2 34. Qe6 Rf8 35. Rxc7 Qe2 36. R7c2 Qh5+ 37. Kg2 h6 38. Rf2 Rd8 39. Rc7 Rf8 40. Re7 Kh8 41. Re8 Qg6 42.
h4 Rxe8 43. Qxe8+ Kh7 44. Qe6 Qh5 45. Qf5+ Qxf5 46. exf5 Rb7 47. Rb2 Rb4 48. Kf3 Kh8 49. Ke3 Kg8 50. a5 Kf7 51. a6 Rb8 52. Ra2 Ke7 53.
a7 Ra8 54. Ke4 Kd6 55. Ra5 Kc6 56. b4 Kb6 57. Kd5 Kc7 58. b5 Kb6 59. Ra1 Kxb5 60. Ke6 Kc5 61. Kf7 Kd4 62. Kxg7 Kxd3 63. Kxf6 e4 64. Kg6 e3 65. Kxh6 e2 66. g4 Kd2 67.
g5 Rxa7 68. Rxa7 e1=Q 69. h5 Qe5 70. Rf7 Qh8+ 71. Kg6 Qg8+ 72. Rg7 Qe8+ 73. Kh6 Ke3 74. f6 Kf4 75. f7 Qe6+ 76. g6 Qd6 77. Rg8 Kg4 78. f8=Q Qe6 79. Qc8 Qxc8 80. Rxc8 1-0

[Event "*** SCC Grand Prix: Titled Tuesday Blitz"]
[Site "Chess.com"]
[Date "2020.07.21"]
[Round "1"]
[White "SiddharthGMJagadeesh"]
[Black "Richarzard69"]
[Result "1-0"]
[WhiteElo "2570"]
[BlackElo "2202"]
[TimeControl "180+1"]
[EndTime "10:08:31 PDT"]
[Termination "SiddharthGMJagadeesh won by resignation"]

1. d4 Nf6 2. Nf3 c5 3. d5 d6 4. Nc3 g6 5. e4 Bg7 6. Be2 O-O 7. O-O e6 8. h3 exd5 9. exd5 Na6 10. Nd2 Nc7 11. Nc4 b5 12. Ne3 b4 13. Nb5 Bb7 14.
Nxc7 Qxc7 15. Bc4 Rfe8 16. a3 a5 17. axb4 axb4 18. Rxa8 Rxa8 19. Qd3 Nd7 20. f4 Nb6 21. Kh2 Nxc4 22. Nxc4 Ba6 23. Qe4 Qd7 24. Nb6 Re8 25.
Nxd7 Rxe4 26. Rf2 Bd4 27. c3 bxc3 28. bxc3 Bxc3 29. Bb2 Bxb2 30. Rxb2 Rxf4 31. Rb6 Bc4 32. Rxd6 Rd4 33. Nf6+ Kg7 34. Ne8+ Kf8 35. Nc7 Rd2 36. Rd7 Bf1 37. d6 Bxg2 38. Rd8+ Kg7 39. Ne8+ Kh6 40. Nf6 c4 41. Kg3 c3 42. Rc8 c2 43. d7 Bb7 44.
Rc7 Ba6 45. Rxc2 Rd3+ 46. Kf4 Bb5 47. Rc7 Kg7 48. Ke5 Re3+ 49. Ne4 Rd3 50. Nd6 Bxd7 51.
Rxd7 Rxh3 52. Rxf7+ Kh6 53. Rf4 Rh5+ 54. Ke4 Rg5 55. Nf7+ Kh5 56. Nxg5 Kxg5 57. Kf3 h5 58. Kg3 Kh6 59. Ra4 g5 60. Ra5 Kg6 61. Rb5 Kf6 62. Rb6+ Kf5 63. Rh6 h4+ 64. Kh3 Kf4 65. Rf6+ Ke5 66.
Rf1 Ke4 67. Kg4 1-0

[Event "*** SCC Grand Prix: Titled Tuesday Blitz"]
[Site "Chess.com"]
[Date "2020.07.21"]
[Round "1"]
[White "BJthechessgod"]
[Black "aliba25"]
[Result "1/2-1/2"]
[WhiteElo "2315"]
[BlackElo "2633"]
[TimeControl "180+1"]
[EndTime "10:08:32 PDT"]
[Termination "Game drawn - insufficient material"]

1. e4 g6 2. Nf3 Bg7 3. d4 d6 4. Nc3 a6 5. Be2 b5 6. Be3 Bb7 7. a3 Nf6 8. Nd2 O-O 9. O-O Nbd7 10. f4 c5 11. dxc5 Nxc5 12. e5 Nd5 13. Nxd5 Bxd5 14. Bf3 Bxf3 15. Nxf3 Ne6 16. exd6 exd6 17. Nd4 Nc5 18. Re1 Re8 19. c3 Qc7 20. Bf2 Ne4 21. Qf3 d5 22. Rad1 Rad8 23. Bh4 Rd6 24. Nc2 Rde6 25. Rxd5 Qb6+ 26. Kh1 Bf6 27. Bg3 Nxg3+ 28. Qxg3 Re2 29. Rxe2 Rxe2 30. Nd4 Rxb2 31. h4 Qc7 32. h5 Kg7 33. Nf5+ Kf8 34. hxg6 hxg6 35. Nd4 Qe7 36. Qh3 Qe1+ 37. Kh2 Rb1 38. Qh6+ Bg7 39.
Rd8+ Ke7 40. Nc6+ Ke6 41. Re8+ Kd7 42. Rxe1 Bxh6 43. Rxb1 Kxc6 44. Re1 Bxf4+ 45. Kh3 Kd5 46. Rf1 g5 47. g3 Be5 48. Rxf7 Bxc3 49. Rf5+ Kc4 50.
Rxg5 Bb2 51. Rg4+ Kc3 52. Rg6 a5 53. Rb6 Kc4 54. Ra6 Bc3 55. g4 Kb3 56. Rb6 Ka4 57. g5 Kxa3 58. Rxb5 a4 59. Kg4 Ka2 60. g6 a3 61. Kf5 Ka1 62. Ke6 a2 63. Kf7 Bd4 64.
Rb4 Bb2 65. Rxb2 Kxb2 66. g7 a1=Q 67. g8=Q Qa2+ 68. Kf8 Qxg8+ 69. Kxg8 1/2-1/2

[Event "*** SCC Grand Prix: Titled Tuesday Blitz"]
[Site "Chess.com"]
[Date "2020.07.21"]
[Round "1"]
[White "Ze-Pequeno"]
[Black "ENEASZ"]
[Result "0-1"]
[WhiteElo "2246"]
[BlackElo "2594"]
[TimeControl "180+1"]
[EndTime "10:08:34 PDT"]
[Termination "ENEASZ won by resignation"]

1. e4 d6 2. d4 Nf6 3. Nc3 e5 4. Nf3 Nbd7 5. Bc4 Be7 6. O-O O-O 7. a4 c6 8. Re1 b6 9. d5 cxd5 10. Nxd5 Bb7 11. b3 Rc8 12. Ba3 Nxd5 13. Bxd5 Bxd5 14.
Qxd5 Rxc2 15. Rac1 Rxc1 16. Rxc1 Nc5 17. Rd1 Qa8 18. Bxc5 bxc5 19. Qxa8 Rxa8 20. Rd3 Rb8 21. Nd2 f6 22. Kf1 Kf7 23. Nc4 Ke6 24. Ke2 g6 25. f3 f5 26. Ne3 Bg5 27. Nc4 Be7 28. h3 h5 29. Kd2 fxe4 30. fxe4 Rf8 31. Rf3 Bg5+ 32. Kd3 Rxf3+ 33. gxf3 Be7 34. Ne3 Bg5 35. Nd5 Bd8 36. Kc4 a6 37. Kd3 Ba5 38. Kc4 Kf7 39. Kd3 Kg7 40. Ke2 Kh6 41. Kf2 Kg5 42. Kg3 Be1+ 43.
Kg2 Bh4 44. Ne3 Kf4 45. Nd5+ Kg5 46. Ne3 Kh6 47. Nc4 Be7 48. Ne3 Kg5 49. Nd5 Bd8 50. Ne3 Bc7 51. Nd5 Ba5 52. Ne3 Bd2 53. Nd5 Bc1 54.
Nb6 Kf4 55. Nd5+ Kg5 56. Nb6 Kf6 57. Nd5+ Ke6 58. Nc7+ Kd7 59. Nd5 Kc6 60. Kf1 c4 61. Ne7+ Kc5 62. bxc4 Kxc4 63. Nxg6 Kb4 64. Ne7 Kxa4 65.
Nf5 Kb3 66. Nxd6 a5 67. Ke2 a4 68. Nb5 a3 69. Nxa3 Kxa3 70. Kd3 Kb4 71. Kc2 Bf4 72.
Kd3 h4 73. Ke2 Kc3 0-1

[Event "*** SCC Grand Prix: Titled Tuesday Blitz"]
[Site "Chess.com"]
[Date "2020.07.21"]
[Round "1"]
[White "AungTZ"]
[Black "RodinMihail"]
[Result "0-1"]
[WhiteElo "2013"]
[BlackElo "2488"]
[TimeControl "180+1"]
[EndTime "10:08:34 PDT"]
[Termination "RodinMihail won by resignation"]

1. e4 e5 2. Nf3 Nc6 3. d4 exd4 4. Nxd4 Nf6 5. Nc3 Bb4 6. Nxc6 bxc6 7. Bd3 O-O 8. O-O d5 9. exd5 cxd5 10. Bg5 c6 11. h3 Bd6 12. Qf3 h6 13. Bd2 Rb8 14. b3 c5 15.
Rad1 Bb7 16. Rfe1 c4 17. bxc4 dxc4 18. Be4 Nxe4 19. Nxe4 Re8 20. Qg4 Bxe4 21. Rxe4 Rxe4 22. Qxe4 Qc7 23. Bc3 Bf8 24. g3 Rb6 25. Qe8 Re6 26. Qd8 Qc6 27. Qd5 Qxd5 28. Rxd5 Re2 29.
Rd8 Rxc2 30. Bb4 Rxa2 31. Rxf8+ Kh7 32. Rc8 a5 33. Bc3 Rc2 34. Rxc4 a4 35. Rc5 a3 36. Bd4 Rd2 37. Be3 a2 38. Bxd2 a1=Q+ 39. Kh2 Qf1 40. Be3 g5 41. g4 Kg6 42. Rf5 Qe2 43. Kg2 h5 44. Rf3 hxg4 45. hxg4 f6 46. Kg3 Qc4 47.
Kg2 Qe4 48. Kg3 Qc4 49. Rf5 Qc7+ 50. Kg2 Qc4 51. Kg3 Qf1 52. Rf3 Qg1+ 53. Kh3 Qd1 54. Kg2 Qd5 55. Kg3 Qe4 56. Rf5 Qh1 57. Rf3 Qh4+ 58. Kg2 Qxg4+ 59. Rg3 Qe4+ 60. Kh2 g4 61. f4 f5 62. Rxg4+ fxg4 63. Kg3 Qxe3+ 0-1

[Event "*** SCC Grand Prix: Titled Tuesday Blitz"]
[Site "Chess.com"]
[Date "2020.07.21"]
[Round "1"]
[White "Zmof"]
[Black "White_Ghost"]
[Result "1-0"]
[WhiteElo "2167"]
[BlackElo "2537"]
[TimeControl "180+1"]
[EndTime "10:08:35 PDT"]
[Termination "Zmof won by checkmate"]

1. e4 e5 2. Bc4 Nf6 3. d3 c6 4. Nf3 d5 5. Bb3 Bg4 6. h3 Bxf3 7. Qxf3 Be7 8. O-O Na6 9. exd5 cxd5 10. Re1 e4 11. dxe4 dxe4 12. Ba4+ Kf8 13. Qe2 Nc5 14. Bb3 Nxb3 15. axb3 a6 16. Nc3 Bb4 17. Bg5 Bxc3 18. bxc3 h6 19. Bxf6 Qxf6 20. Qxe4 g6 21. Qe5 Kg7 22.
Rad1 Qxe5 23. Rxe5 Rhd8 24. Red5 Rxd5 25. Rxd5 Rc8 26. c4 b5 27. cxb5 axb5 28. Rxb5 Rxc2 29. g4 Rb2 30. Kg2 Kg8 31. Kf3 Kg7 32. h4 Kg8 33. h5 Kg7 34. hxg6 Kxg6 35. Ke3 Kf6 36. f3 Rb1 37.
Rb6+ Kg5 38. Rb5+ Kg6 39. Kf4 f6 40. Rb6 Rb2 41. b4 Rb3 42. b5 Kg7 43. Ke4 Kg6 44. Rb8 Rb4+ 45. Kd5 Kg5 46. Rg8+ Kf4 47. Kc5 Rb1 48. Rg6 Kxf3 49. Rxf6+ Kxg4 50. Rxh6 Kf5 51. Rd6 Ke5 52. Rd2 Rc1+ 53. Kb6 Ke6 54. Kb7 Rb1 55. b6 Rc1 56. Kb8 Rb1 57. b7 Rc1 58. Ra2 Kd7 59.
Ka8 Rb1 60. b8=Q Rxb8+ 61. Kxb8 Kc6 62. Ra7 Kb5 63. Kb7 Kc5 64. Ra6 Kb5 65. Rh6 Kc5 66. Rg6 Kd5 67. Kc7 Ke5 68. Rh6 Kd5 69. Ra6 Ke5 70.
Kd7 Kf5 71. Ke7 Kg5 72. Kf7 Kf5 73. Ra5+ Ke4 74. Ke6 Kd4 75. Rh5 Kc4 76. Kd6 Kb4 77. Kc6 Ka4 78. Kb6 Kb4 79. Rh4+ Kc3 80. Kc5 Kd3 81. Ra4 Ke3 82. Kd5 Kf3 83. Ke5 Kg3 84. Kf5 Kh3 85. Kg5 Kg3 86. Ra3+ Kf2 87. Kf4 Ke2 88.
Rh3 Kf2 89. Rh2+ Kg1 90. Ra2 Kf1 91. Ke3 Kg1 92. Kf3 Kh1 93. Kg3 Kg1 94. Ra1# 1-0

[Event "*** SCC Grand Prix: Titled Tuesday Blitz"]
[Site "Chess.com"]
[Date "2020.07.21"]
[Round "1"]
[White "chargemax23"]
[Black "reutik"]
[Result "0-1"]
[WhiteElo "2628"]
[BlackElo "2327"]
[TimeControl "180+1"]
[EndTime "10:08:36 PDT"]
[Termination "reutik won by resignation"]

1. c4 c6 2. Nc3 d5 3. e3 Nf6 4.
Nf3 e6 5. Qc2 Nbd7 6. b3 Bd6 7.
Bb2 Qe7 8. a3 O-O 9. Be2 a6 10. d4 e5 11. c5 Bc7 12. b4 e4 13. Nd2 Re8 14. g4 Nf8 15. g5 N6d7 16.
h4 f6 17. O-O-O fxg5 18. hxg5 Qxg5 19. Rdg1 Qe7 20. Ncxe4 dxe4 21. Bc4+ Kh8 22. d5 Be5 23. d6 Bxb2+ 24. Qxb2 Qe5 25. Bf7 Qxb2+ 26. Kxb2 Re5 27. Bb3 Nf6 28. Nc4 Re8 29. Nb6 Rb8 30. Rh4 Be6 31.
Bc2 Bf7 32. Na4 Ng6 33. Rh2 Ne5 34. Rg3 Nc4+ 35. Kc3 Nxa3 36. Nb6 Nxc2 37. Kxc2 Rbd8 38. Rh4 Nd7 39. Na4 g6 40. Kc3 Re5 41. Nb2 Kg7 42. Rf4 Rf8 43. Kd4 Bd5 44. Rxf8 Kxf8 45. Nd1 Kg7 46. Nc3 Rf5 47. Nxe4 Bxe4 48. Kxe4 Rxf2 49. Kd4 Rd2+ 50. Kc3 Rd5 51. e4 Re5 52. Kd4 a5 53. Rb3 axb4 54. Rxb4 Kf6 55. Rxb7 Rxe4+ 56. Kc3 Nxc5 57.
Rxh7 Ne6 58. d7 Rd4 59. Rh8 Rxd7 60. Rh1 Nf4 61. Rf1 Kf5 62. Kc4 g5 63. Kc5 g4 64.
Kxc6 Rd3 65. Ra1 g3 66. Ra8 g2 67. Rf8+ Ke4 68. Re8+ Kf3 69. Rg8 Rd1 70. Kb5 g1=Q 0-1

[Event "*** SCC Grand Prix: Titled Tuesday Blitz"]
[Site "Chess.com"]
[Date "2020.07.21"]
[Round "1"]
[White "londonkid"]
[Black "Ramil_Faizrakhmanov"]
[Result "0-1"]
[WhiteElo "2403"]
[BlackElo "2804"]
[TimeControl "180+1"]
[EndTime "10:08:38 PDT"]
[Termination "Ramil_Faizrakhmanov won by resignation"]

1. d4 Nf6 2. c4 e6 3. Nf3 b6 4.
g3 Bb7 5. Bg2 Bb4+ 6. Nbd2 O-O 7.
O-O Bxd2 8. Qxd2 d6 9. b3 Nbd7 10. Bb2 Qe7 11. Qc2 e5 12. dxe5 dxe5 13. Rad1 Be4 14.
Qc3 Rfe8 15. Bh3 Rad8 16. Nd2 Ba8 17. Bg2 Bxg2 18. Kxg2 h6 19. f3 Nc5 20. Ba3 a5 21.
e4 Rd3 22. Qc2 Red8 23. Nb1 Qd7 24. Nc3 Rd2+ 25. Rxd2 Qxd2+ 26. Qxd2 Rxd2+ 27. Rf2 Rd3 28. Nb5 Ne6 29. Bb2 Nd7 30. f4 exf4 31. gxf4 c6 32. f5 cxb5 33. fxe6 fxe6 34. cxb5 Nc5 35. Re2 Kf7 36. Be5 a4 37. b4 Nd7 38. Bc7 e5 39.
Rf2+ Ke6 40. Rc2 Rd4 41. Rc6+ Ke7 42. Bxb6 Rxb4 43. Rc7 Rxb5 44. Bf2 Rb2 45. a3 Ra2 46.
Kf1 Kd6 47. Rc3 Nf6 48. Rd3+ Ke6 49. Re3 Rb2 50. Rd3 Nxe4 51. Ba7 Rxh2 52. Rd8 Ra2 53. Re8+ Kd5 54. Bb8 Nd2+ 55. Ke2 Nc4+ 56. Kd3 Rxa3+ 57. Kc2 Rb3 58. Rd8+ Ke6 59. Ba7 Rb7 60. Bf2 a3 61. Kc3 Nd6 62. Ra8 Ne4+ 63. Kd3 Nxf2+ 64. Ke2 Ne4 65.
Ke3 Nd6 66. Ra6 Rb3+ 67. Kd2 Rb2+ 68. Kc3 Rh2 69. Kb3 a2 70. Rxa2 Rxa2 71. Kxa2 0-1

[Event "*** SCC Grand Prix: Titled Tuesday Blitz"]
[Site "Chess.com"]
[Date "2020.07.21"]
[Round "1"]
[White "FloMaster111"]
[Black "knightmare7724"]
[Result "1/2-1/2"]
[WhiteElo "2267"]
[BlackElo "2597"]
[TimeControl "180+1"]
[EndTime "10:08:38 PDT"]
[Termination "Game drawn - insufficient material"]

1. d4 d5 2. Nf3 Nf6 3. c4 e6 4.
Nc3 Bb4 5. Qb3 Nc6 6. Bg5 dxc4 7. Qxc4 h6 8. Bh4 Qd5 9. Qd3 g5 10. Bg3 b6 11. a3 Bxc3+ 12. bxc3 Ne4 13. e3 Bb7 14. Bxc7 Rc8 15. Bg3 Na5 16. Rc1 Qa2 17. Qc2 Qxc2 18. Rxc2 Nxc3 19. Bd3 Ke7 20. O-O Be4 21.
Ne5 Bxd3 22. Nxd3 Nb5 23. Ra2 Rc3 24. a4 Nd6 25. Ne5 Rhc8 26. Raa1 Ne4 27. Rfd1 f6 28.
Nf3 Rc2 29. Ne1 Re2 30. Nd3 Nxg3 31. hxg3 Rcc2 32. Rf1 Red2 33. Nb4 Rb2 34. Rab1 Kd6 35.
Rfc1 Rxb1 36. Rxb1 Nc4 37. Na6 Rb2 38. Rc1 Nd2 39. Nc7 Kd7 40. Nb5 a6 41. Nc3 b5 42.
axb5 axb5 43. d5 b4 44. dxe6+ Kxe6 45. Nb5 Rb1 46. Nd4+ Kd5 47. Rxb1 Nxb1 48. Kf1 Kc4 49. Ke2 Kc3 50. Nb5+ Kc2 51. Nd4+ Kb2 52. Kd3 Nc3 53. Kc4 Nd1 54. Kxb4 Nxf2 55. Nf5 Ng4 56. Kc5 Kc3 57. Kd5 Kd3 58. e4 h5 59. Ng7 h4 60. gxh4 gxh4 61.
Nf5 Ne3+ 62. Nxe3 Kxe3 63. Ke6 Kxe4 64. Kxf6 Kf4 65. Kg6 Kg4 66. Kh6 Kf4 67. Kh5 Kg3 68. Kg5 h3 69. gxh3 Kxh3 1/2-1/2

[Event "*** SCC Grand Prix: Titled Tuesday Blitz"]
[Site "Chess.com"]
[Date "2020.07.21"]
[Round "1"]
[White "Zhani-Z"]
[Black "evgchess5"]
[Result "1-0"]
[WhiteElo "2425"]
[BlackElo "2802"]
[TimeControl "180+1"]
[EndTime "10:08:40 PDT"]
[Termination "Zhani-Z won on time"]

1. e4 c5 2. Nf3 e6 3. g3 Nc6 4. Bg2 Nf6 5. Qe2 e5 6. O-O Be7 7. c3 O-O 8. Rd1 d5 9. exd5 Qxd5 10. d3 Rd8 11. Ng5 Qd6 12. Na3 Bg4 13. f3 Bf5 14.
Ne4 Qe6 15. Nc4 Nd5 16. a4 Rac8 17. a5 Bg6 18. Bd2 h6 19. Be1 f5 20. Nf2 Bf7 21.
Bd2 Bf6 22. Re1 Re8 23. Bh3 Qd7 24. Qd1 Rcd8 25. Qa4 Nde7 26. Qb5 Qd5 27. Bg2 Qd7 28. Rad1 Nd5 29. Bc1 Qc7 30. Qxc5 Rd7 31. Qb5 Red8 32. Re2 Nde7 33. Rde1 Ng6 34. Bh3 Nce7 35. Bg2 Rd5 36. Qa4 R5d7 37. b4 Bxc4 38. dxc4 Qxc4 39. Re3 Qc7 40.
Bf1 Nd5 41. Qa2 Kh7 42. Rd3 Nxc3 43. Qc2 Nd5 44. Qxc7 Nxc7 45. Red1 Rxd3 46. Bxd3 e4 47. fxe4 Ne5 48. exf5 Nxd3 49. Rxd3 Rxd3 50. Nxd3 Nd5 51.
Bd2 Bd4+ 52. Kg2 Kg8 53. Kf3 Nf6 54. g4 Kf7 55. h4 Nd7 56. Ke4 Bg1 57. g5 h5 58. Kd5 Nf8 59. Kd6 1-0

[Event "*** SCC Grand Prix: Titled Tuesday Blitz"]
[Site "Chess.com"]
[Date "2020.07.21"]
[Round "1"]
[White "vpsetter"]
[Black "MendozaDavid2000"]
[Result "1-0"]
[WhiteElo "2611"]
[BlackElo "2267"]
[TimeControl "180+1"]
[EndTime "10:08:40 PDT"]
[Termination "vpsetter won by resignation"]

1. e4 c5 2. Nf3 d6 3. d4 cxd4 4. Nxd4 Nf6 5. Nc3 a6 6. h3 e6 7.
g4 d5 8. exd5 Nxd5 9. Nde2 Bb4 10. Bg2 O-O 11. O-O Nxc3 12. Nxc3 Qc7 13. Qd4 Bc5 14. Qf4 Bd6 15. Qe3 Bd7 16. Ne4 Be7 17. c3 Bc6 18. Qf4 Qxf4 19. Bxf4 Nd7 20. Rad1 e5 21. Be3 Rfd8 22. Nd6 Bxg2 23. Kxg2 Bxd6 24. Rxd6 Kf8 25. Rfd1 Ke7 26. R6d5 f6 27. f4 Rac8 28. fxe5 Nxe5 29. Rxe5+ fxe5 30. Bg5+ Ke8 31. Bxd8 Rxd8 32. Rxd8+ Kxd8 33. Kf3 Ke7 34. Ke4 Ke6 35. c4 b6 36.
b4 h6 37. h4 g6 38. h5 gxh5 39.
gxh5 Kd6 40. Kf5 b5 41. c5+ Kd5 42. Kg4 a5 43. a3 axb4 44. axb4 Kc6 45. Kf3 Kd5 46.
Ke3 e4 47. Ke2 Ke6 48. Kf2 Ke5 49. Ke2 Kd5 50. Ke3 Ke5 51. c6 Kd6 52. Kxe4 Kxc6 53. Ke5 Kc7 54. Kd5 Kb6 55. Kd6 Ka6 56. Kc5 Ka7 57.
Kxb5 Kb7 58. Kc5 Kc7 59. Kd5 Kb6 60. Ke6 Kb5 61. Kf6 Kxb4 62. Kg6 Kc5 63. Kxh6 Kd6 64.
Kg7 Ke7 65. h6 1-0

[Event "*** SCC Grand Prix: Titled Tuesday Blitz"]
[Site "Chess.com"]
[Date "2020.07.21"]
[Round "1"]
[White "Zenzo"]
[Black "Panterov"]
[Result "1-0"]
[WhiteElo "2540"]
[BlackElo "2145"]
[TimeControl "180+1"]
[EndTime "10:08:47 PDT"]
[Termination "Zenzo won by resignation"]

1. e4 e5 2. Nf3 Nf6 3. Nxe5 d6 4.
Nf3 Nxe4 5. Nc3 Nxc3 6. dxc3 Nd7 7. Be3 Be7 8. Bd3 O-O 9. Qd2 Nc5 10. O-O-O Nxd3+ 11. Qxd3 Qd7 12. Nd4 a6 13. h3 b5 14. g4 Bb7 15. Rhe1 Rfe8 16. Nf5 Bf8 17. h4 Be4 18. Qd4 Bxf5 19. gxf5 Qxf5 20. Rg1 c5 21. Qd2 b4 22. cxb4 cxb4 23. Qxb4 Rab8 24. Qd4 Re4 25. Qd3 a5 26. Rg5 Qe6 27. Rxa5 Rxh4 28. b3 Qf6 29. Kb1 Rh3 30. Qf5 Qxf5 31. Rxf5 g6 32. Rfd5 h5 33. a4 Rh4 34. Ka2 Rhb4 35. R1d4 R4b7 36. Rc4 Rd8 37. Rc6 Rbd7 38. a5 Ra8 39. b4 h4 40. Rc4 h3 41.
Rh4 Rb7 42. c3 Bg7 43. Bd4 Bxd4 44. Rdxd4 Re7 45. Kb3 Re2 46. Rdf4 Kg7 47. Rxh3 Re1 48. Rd3 Rb1+ 49. Kc2 Ra1 50. Kb2 Rf1 51. Rxd6 g5 52. Rf5 f6 53. Rfxf6 Re8 54. Rg6+ Kh7 55. Rh6+ Kg7 56. Rhg6+ Kh7 57. Rxg5 Rxf2+ 58. Kb3 Ree2 59. Rd3 Rb2+ 60. Kc4 Rh2 61. Rdg3 Ra2 62. Kb5 Kh6 63.
c4 Kh7 64. c5 Kh6 65. Rg6+ Kh7 66. R3g4 Kh8 67. Rd6 Ra1 68. a6 Kh7 69. Kb6 Rha2 70.
b5 Ra4 71. Rxa4 Rxa4 72. a7 1-0

[Event "*** SCC Grand Prix: Titled Tuesday Blitz"]
[Site "Chess.com"]
[Date "2020.07.21"]
[Round "1"]
[White "JakubPulpan"]
[Black "jerry_77"]
[Result "0-1"]
[WhiteElo "2660"]
[BlackElo "2353"]
[TimeControl "180+1"]
[EndTime "10:08:52 PDT"]
[Termination "jerry_77 won by resignation"]

1. Nf3 Nf6 2. b3 d5 3. Bb2 c5 4.
e3 Nc6 5. Bb5 e6 6. O-O Bd7 7.
d4 Qb6 8. a4 a6 9. a5 Nxa5 10.
Bxd7+ Nxd7 11. dxc5 Bxc5 12. Bxg7 Rg8 13. Bc3 Nc6 14.
Nbd2 e5 15. e4 d4 16. Nc4 Qd8 17. Bd2 Qf6 18. Kh1 b5 19. Na5 Nxa5 20. Rxa5 Qg6 21. Rg1 Qxe4 22. Re1 Qc6 23. c3 d3 24. c4 Bxf2 25. Rf1 Bb6 26. cxb5 Qg6 27. Nh4 Qe4 28. Qh5 O-O-O 29. Rxa6 Rg4 30. Ra8+ Qxa8 31. Qxg4 Qd5 32. Nf5 Kb8 33. Ne7 Qe6 34. Nc6+ Kc7 35. Qg3 Re8 36.
Ba5 f6 37. Bxb6+ Nxb6 38. Qg7+ Qd7 39. Qg3 d2 40. Rd1 Ra8 41. Qe3 Ra1 42. Rxa1 d1=Q+ 43. Rxd1 Qxd1+ 44. Qg1 Qxb3 45. Qf1 Nd5 46. Na5 Qc3 47. Qc4+ Qxc4 48. Nxc4 Nb6 49. Ne3 Kd6 50. g4 Kc5 51.
Kg2 Kxb5 52. Nf5 Kc5 53. Kf3 Kd5 54. h4 Ke6 55. Ng7+ Kf7 56. Nf5 Nd5 57. Nd6+ Ke6 58. Nf5 Ne7 59. Ne3 f5 60. g5 Nd5 61. Ng2 e4+ 62.
Kf2 Ke5 63. h5 f4 64. g6 hxg6 65. hxg6 Nf6 66. g7 Ng8 67. Kf1 Kf5 68. Kf2 Kg4 69. Kf1 e3 70. Kg1 Kg3 71. Kf1 e2+ 72. Ke1 Kxg2 73. Kxe2 f3+ 74. Ke3 f2 75. Kf4 f1=Q+ 76.
Kg4 Qf7 77. Kg5 0-1

[Event "*** SCC Grand Prix: Titled Tuesday Blitz"]
[Site "Chess.com"]
[Date "2020.07.21"]
[Round "1"]
[White "goofypenguin96"]
[Black "Harsha_Bharathakoti"]
[Result "0-1"]
[WhiteElo "2384"]
[BlackElo "2754"]
[TimeControl "180+1"]
[EndTime "10:08:56 PDT"]
[Termination "Harsha_Bharathakoti won by resignation"]

1. e4 c5 2. c3 Nf6 3. e5 Nd5 4. d4 e6 5. f4 cxd4 6. cxd4 d6 7. Nf3 Bd7 8. Nc3 Bc6 9. Bd3 Be7 10. O-O O-O 11. f5 exf5 12. Bxf5 dxe5 13. Nxe5 Bf6 14.
Ne4 Nd7 15. Nxc6 bxc6 16. Qg4 Bxd4+ 17. Kh1 N7f6 18. Qh4 Re8 19. Bg5 h6 20. Bxh6 Nxe4 21. Qg4 Kf8 22. Bxe4 gxh6 23. Bg6 Nf6 24. Qh4 Kg7 25.
Bc2 Qd5 26. Rad1 c5 27. Qxf6+ Bxf6 28. Rxd5 Re2 29. Rdf5 Rxc2 30. Rxf6 Rf8 31. R6f2 Rxf2 32. Rxf2 Rd8 33. g3 Rd4 34. Kg2 Kg6 35. Rc2 c4 36. Kf3 Kg5 37. Ke3 Rd3+ 38. Ke4 f5+ 39. Ke5 Re3+ 40.
Kd4 Re4+ 41. Kc5 h5 42. Kb4 Kg6 43. Rxc4 Re2 44. Rc6+ Kg5 45. h4+ Kg4 46. Rg6+ Kf3 47. Kc3 Re3+ 48. Kd4 Re4+ 49. Kd5 Rg4 50. Rf6 Kxg3 51.
Rxf5 Kxh4 52. Rf1 Rg2 53. Rb1 Kg3 54. a4 h4 55. b4 h3 56. Rb3+ Kg4 57. Rc3 h2 58.
Rc4+ Kh3 59. Rc3+ Rg3 60. Rc1 Rg1 61. Rc3+ Kg4 62. Rc4+ Kg5 63. Rc8 h1=Q+ 64. Kd6 Rd1+ 65. Kc7 Rc1+ 66. Kb8 Qh2+ 67. Kb7 Qg2+ 68. Ka6 Rxc8 69.
b5 Qd5 70. Kxa7 Qc5+ 71. Ka6 Ra8+ 72. Kb7 Ra7+ 0-1